 Dungeon Crawl Stone Soup version 0.31.0-11-ge490571c62 (webtiles) character file.

Game seed: 7899827465048433073

2153 ces the Skirmisher (level 9, -1/41 HPs)
             Began as a Spriggan Hunter on Jan 26, 2024.
             Was an Initiate of Gozag.
             Killed from afar by an acid dragon (23 damage)
             ... with a splash of acid
             ... on level 7 of the Dungeon.
             The game lasted 00:13:54 (6181 turns).

ces the Skirmisher (Spriggan Hunter)                Turns: 6181, Time: 00:13:54

Health: -1/41      AC:  2    Str:  7    XL:     9   Next: 10%
Magic:  10/10      EV: 18    Int: 10    God:    Gozag
Gold:   474        SH:  0    Dex: 23    Spells: 8/8 levels left

rFire   . . .        a - +0 shortbow
rCold   . . .        (shield currently unavailable)
rNeg    . . .        c - +0 robe
rPois   .            (helmet restricted)
rElec   .            (no cloak)
rCorr   .            (gloves unavailable)
SInv    +            (boots unavailable)
Will    +....        (no amulet)
Stlth   ++           (no ring)
HPRegen 0.26/turn    (no ring)
MPRegen 0.12/turn

%: no passive effects
@: very quick
A: very small, no large weapons, unfitting armour, see invisible, speed 3
a: Renounce Religion, Potion Petition, Call Merchant, Bribe Branch


You were on level 7 of the Dungeon.
You worshipped Gozag.
Gozag was aware of your devotion.
You visited 2 branches of the dungeon, and saw 8 of its levels.

You collected 530 gold pieces.
You paid 56 gold pieces to Gozag.

Inventory:

Hand Weapons
 a - a +0 shortbow (weapon)
Armour
 c - a +0 robe (worn)
Wands
 m - a wand of digging (2)
Scrolls
 b - a scroll of butterflies
 g - 2 scrolls of noise {unknown}
 j - 2 scrolls of revelation {unknown}
 k - a scroll of identify
 l - 3 scrolls of blinking
 n - a scroll of enchant armour {unknown}
 p - a scroll of torment {unknown}
Potions
 d - a potion of ambrosia
 e - 2 potions of curing
 f - 2 potions of enlightenment {unknown}
 h - a potion of haste
 i - a potion of lignification {unknown}


   Skills:
 + Level 1.5 Fighting
 + Level 12.6 Ranged Weapons
 + Level 2.6 Dodging
 + Level 1.5 Stealth


You had 8 spell levels left.
You didn't know any spells.
Your spell library contained the following spells:

 Spells                   Type           Power      Damage    Failure   Level
 Magic Dart               Conj           0%         1d3       36%         1
 Necrotise                Necr           0%         1d4       36%         1
 Searing Ray              Conj           0%         2d4       50%         2
 Static Discharge         Conj/Air       0%         3-3/arc   50%         2
 Tukima's Dance           Hex            0%         N/A       75%         3
 Vampiric Draining        Necr           0%         2d6       75%         3
 Airstrike                Air            0%         2d(0-16)  98%         4
 Dimensional Bullseye     Hex/Tloc       0%         N/A       98%         4
 Fulminant Prism          Conj/Alch      0%         3d5       98%         4
 Iskenderun's Mystic Bla  Conj/Tloc      0%         2d3       98%         4
 Martyr's Knell           Necr/Summ      0%         N/A       98%         4
 Passage of Golubria      Tloc           0%         N/A       98%         4
 Summon Lightning Spire   Summ/Air       0%         N/A       98%         4
 Curse of Agony           Necr           0%         N/A       100%        5
 Yara's Violent Unravell  Hex/Alch       0%         3d3       100%        5


Dungeon Overview and Level Annotations

Branches:
Dungeon (7/15)             Temple (1/1) D:5

Altars:
Ashenzari
Cheibriados
Dithmenos
Fedhas
Gozag
Kikubaaqudgha
Makhleb
Okawaru
Qazlal
Ru
Sif Muna
Trog
Uskayaw
Vehumet
Wu Jian
Xom
Yredelemnul
Zin
The Shining One

Shops:
D:3 ((*:

Portals:
Abyss: D:5

Annotations:
D:5 zenocrate's ghost, novice VSEn


Innate Abilities, Weirdness & Mutations

You are very small and have problems with some larger weapons.
You are too small for most types of armour.
You have supernaturally acute eyesight. (SInv)
You cover ground extremely quickly. (Speed+++)


Message History

Press: ? - help, Q - select action, (/) - cycle Shift-Dir - straight line, f/p - Jeremiah
Aim: Jeremiah, wielding a +4 trident of draining, wearing a +2 robe of positive energy and wearing an orb of energy (almost dead, 62% to hit)
You shoot an arrow. The arrow hits Jeremiah!
You kill Jeremiah!
The butterfly disappears in a burst of colours! x8
Your life force feels restored.
You have reached level 9!
Your experience leads to an increase in your attributes!
Increase (S)trength, (I)ntelligence, or (D)exterity?
You feel agile. x2
You hear the creaking of a distant portcullis.
HP restored.
You now have 474 gold pieces (gained 5).
Things that are here:
a +4 trident of draining; a +2 robe of positive energy; an orb of energy
Things that are here:
a +0 whip; a +0 leather armour
Found a helmet.
Found an escape hatch in the ceiling.
Found a stone staircase leading down.
An acid dragon comes into view.
An acid dragon is nearby!
You shoot an arrow. The arrow hits the acid dragon.
The acid dragon roars!
The acid dragon is lightly wounded.
You hear a bellow!
The acid dragon spits acid at you. The splash of acid hits you!!
Ouch! That really hurt!
You are too injured to fight recklessly!
You are too injured to fight recklessly!
Found a bubbling pink potion.
You hear the creaking of a very distant portcullis.
You start resting.
An acid dragon is nearby!
An acid dragon is nearby!
The acid dragon spits acid at you. The splash of acid hits you!!
Ouch! That really hurt!
You die...
Your body crumbles into a pile of gold.

######### #.......# #.......#
## #......<# ##.
#.....[)##############..
#......)...............#
#...)..@################
#..>....# ## #......)# #.
##......)## #. #..D......#
#####.
#######.######..##########.....
#..........##.........##...###.
#[............###.###....####..
#...........#..!#.#...#### #.#


You could see an acid dragon (catching breath).

Vanquished Creatures
  Jeremiah (D:7)
  Sigmund (D:3)
  A small abomination (D:5)
  A water moccasin (D:6)
  2 ice beasts
  2 black bears
  3 ogres
  A bullfrog (D:7)
  2 scorpions
  A crimson imp (D:5)
  A quasit (D:5)
  2 hounds
  3 orc priests
  2 gnoll boudas
  A sleepcap (D:6)
  4 orc wizards
  4 iguanas
  A hound skeleton (D:3)
  5 adders
  8 gnolls
  A shadow imp (D:6)
  2 ufetubi (D:5)
  A dart slug (D:1)
  8 orcs
  7 bats
  4 endoplasms
  2 giant cockroaches
  5 goblins
  11 hobgoblins
  3 jackals (D:3)
  3 kobolds
  5 quokkas
  6 ball pythons
  3 frilled lizards
  A quokka skeleton (D:3)
  5 rats
113 creatures vanquished.

Notes
Turn   | Place    | Note
-------+----------+-------------------------------------------
     0 | D:1      | ces the Spriggan Hunter began the quest for the Orb.
     0 | D:1      | Reached XP level 1. HP: 10/10 MP: 2/2
   116 | D:1      | Found a faded altar of an unknown god.
   141 | D:1      | Reached XP level 2. HP: 14/14 MP: 3/3
   799 | D:2      | Noticed a scorpion
   830 | D:2      | Killed a scorpion
   831 | D:2      | Reached skill level 5 in Ranged Weapons
   831 | D:2      | Reached XP level 3. HP: 18/18 MP: 4/4
   831 | D:2      | Reached XP level 4. HP: 22/22 MP: 5/5
  1187 | D:2      | Reached skill level 6 in Ranged Weapons
  1473 | D:3      | Found a basalt altar of Yredelemnul.
  1497 | D:3      | Found Deoveali's Book Boutique.
  1554 | D:3      | Found Gastankor's Assorted Antiques.
  1611 | D:3      | Reached XP level 5. HP: 25/25 MP: 6/6
  1862 | D:3      | Found a shimmering altar of Xom.
  1863 | D:3      | Found a burning altar of Makhleb.
  1864 | D:3      | Found a glowing golden altar of the Shining One.
  1865 | D:3      | Found a shadowy altar of Dithmenos.
  1919 | D:3      | Found a stormy altar of Qazlal.
  1979 | D:3      | Found Wecebouch's Weapon Shoppe.
  2121 | D:3      | Noticed Sigmund
  2127 | D:3      | Killed Sigmund
  2128 | D:3      | Reached skill level 7 in Ranged Weapons
  2128 | D:3      | Reached XP level 6. HP: 27/30 MP: 7/7
  2145 | D:3      | Found Hugumeott's Weapon Shop.
  2315 | D:4      | Reached skill level 8 in Ranged Weapons
  2519 | D:4      | Reached XP level 7. HP: 33/33 MP: 8/8
  2557 | D:4      | Found a glowing silver altar of Zin.
  2721 | D:5      | Entered Level 5 of the Dungeon
  2835 | D:5      | Reached skill level 9 in Ranged Weapons
  2855 | D:5      | Found a staircase to the Ecumenical Temple.
  3044 | Temple   | Entered the Ecumenical Temple
  3049 | Temple   | Became a worshipper of Gozag Ym Sagoz the Greedy
  3164 | D:5      | Found a transporter.
  3164 | D:5      | Noticed zenocrate's ghost (novice VSEn)
  3174 | D:5      | Found a one-way gate to the infinite horrors of the Abyss.
  3212 | D:5      | Reached skill level 10 in Ranged Weapons
  3218 | D:5      | Found a transporter.
  3247 | D:5      | Found a shimmering blue altar of Sif Muna.
  3261 | D:5      | Found an ancient bone altar of Kikubaaqudgha.
  3266 | D:5      | Reached XP level 8. HP: 37/37 MP: 9/9
  3271 | D:5      | Found a radiant altar of Vehumet.
  3489 | D:5      | Found a blossoming altar of Fedhas.
  3939 | D:6      | Reached skill level 11 in Ranged Weapons
  5797 | D:7      | Reached skill level 12 in Ranged Weapons
  6004 | D:7      | Noticed Jeremiah
  6048 | D:7      | Killed Jeremiah
  6049 | D:7      | Reached XP level 9. HP: 31/41 MP: 10/10
  6181 | D:7      | Killed from afar by an acid dragon

Illustrated notes

Levels and vault maps discovered:
D:1:      dpeg_arrival_signposts, layout_basic, basic_ecumenical_altar,
          serial_bayou_pond_d
D:2:      layout_loops_ring
D:3:      layout_basic, mainiacjoe_overflow_concentric_impassable,
          mainiacjoe_overflow_alcove_3, mainiacjoe_overflow_small_starburst,
          serial_shops, shop, shop, shop, nicolae_shop_tiny_real_fake_doors,
          serial_undead, serial_undead_b, serial_undead_e, serial_undead_b,
          serial_undead_c, minmay_box_of_dots, uniq_sigmund
D:4:      layout_rooms, zin_academy
D:5:      layout_basic, palyth_temple_overflow_mages, fedhas_altar_4,
          temple_green, gammafunk_ghost_abyssal_escape
D:6:      layout_layer_cave
D:7:      cheibrodos_two_vegetables, layout_rooms, enter_bailey_7,
          minmay_misc_feat_roman, uniq_jeremiah
Temple:   hellmonk_temple_micro_hex

Skill      XL: |  1  2  3  4  5  6  7  8 |
---------------+-------------------------+-----
Ranged Weapons | 5 6 7 8 10 12 | 12.6
Fighting       | |  1.5
Dodging        | |  2.6
Stealth        | |  1.5

Action                     |  1- 3 |  4- 6 |  7- 9 || total
---------------------------+-------+-------+-------++-------
   Fire: Shortbow          |    36 |   163 |   365 ||   564
    Use: Scroll            |       |       |     7 ||     7
         Potion            |       |       |     4 ||     4
 Armour: Robe              |     4 |    15 |    65 ||    84
  Dodge: Dodged            |     6 |    50 |   111 ||   167
